Map: Apotheosis LE

Players

CANONBALL - Winner!

  • Race: Protoss Protoss

Nickos

  • Race: Terran Terran
  • League: Gold

VOD

Have the link to the VOD?

Description

Time

  • Played on: Sept. 26, 2016, 11:43 p.m.
  • Length: 11:05
Show
View Real Time Build Order
Export as new Build Order

CANONBALL Protoss - Winner!

Build Orders: Nexus First, Oracle Opening 

Get SALT Encoding   

  12  0:01  Probe (Chrono Boost)  
  13  0:12  Probe (Chrono Boost)  
  14  0:19  Pylon  
  14  0:22  Probe (Chrono Boost)  
  15  0:37  Probe (Chrono Boost)  
  16  0:57  Nexus  
  16  1:09  Gateway  
  16  1:11  Assimilator  
  16  1:15  Probe (Chrono Boost)  
  17  1:21  Assimilator  
  18  1:25  Probe (Chrono Boost)  
  18  1:36  Probe (Chrono Boost)  
  19  1:47  Probe (Chrono Boost)  
  20  1:57  Probe (Chrono Boost)  
  20  2:00  Cybernetics Core  
  21  2:08  Probe (Chrono Boost)  
  22  2:16  Probe (Chrono Boost)  
  22  2:18  Probe (Chrono Boost)  
  24  2:26  Probe (Chrono Boost)  
  25  2:30  Pylon  
  25  2:31  Probe (Chrono Boost)  
  25  2:32  Assimilator  
  27  2:37  Probe (Chrono Boost)  
  27  2:40  Adept  
  27  2:42  Mothership Core (Chrono Boost)  
  31  2:47  Probe (Chrono Boost)  
  32  2:53  Pylon  
  32  3:02  Stargate  
  32  3:06  Stargate  
  32  3:33  Probe x2 (Chrono Boost)  
  34  3:38  Pylon  
  34  3:42  Gateway  
  34  3:43  Probe x2 (Chrono Boost)  
  36  3:49  Oracle  
  36  3:50  Pylon  
  36  3:54  Probe (Chrono Boost)  
  41  3:55  Probe (Chrono Boost)  
  41  3:56  Pylon  
  41  4:00  Pylon  
  41  4:04  Probe (Chrono Boost)  
  41  4:07  Probe (Chrono Boost)  
  43  4:15  Probe (Chrono Boost)  
  44  4:19  Probe (Chrono Boost)  
  45  4:25  Probe (Chrono Boost)  
  44  4:52  Probe (Chrono Boost)  
  46  4:54  Probe (Chrono Boost)  
  46  4:56  Assimilator  
  46  5:02  Probe (Chrono Boost)  
  46  5:04  Warp Gate  
  46  5:05  Robotics Facility  
  46  5:06  Probe (Chrono Boost)  
  48  5:08  Gateway  
  48  5:09  Gateway  
  48  5:10  Gateway  
  48  5:11  Gateway  
  48  5:12  Gateway  
  48  5:15  Gateway  
  48  5:17  Gateway  
  48  5:18  Probe (Chrono Boost)  
  48  5:19  Pylon  
  49  5:22  Pylon  
  49  5:48  Pylon  
  49  5:51  Pylon  
  49  5:56  Nexus  
  49  5:57  Pylon x2  
  49  6:01  Probe x2 (Chrono Boost)  
  52  6:13  Probe (Chrono Boost)  
  52  6:23  Warp Prism  
  52  6:27  Probe (Chrono Boost)  
  52  6:28  Probe (Chrono Boost)  
  56  6:35  Gateway  
  56  6:37  Gateway  
  56  6:39  Assimilator  
  58  6:40  Probe x2 (Chrono Boost)  
  58  6:44  Assimilator  
  58  6:52  Forge  
  58  6:54  Pylon  
  58  6:59  Pylon x2  
  60  7:01  Probe (Chrono Boost), Observer  
  60  7:02  Probe (Chrono Boost)  
  61  7:14  Probe x2 (Chrono Boost)  
  63  7:15  Protoss Ground Weapons Level 1  
  63  7:25  Adept x6  
  63  7:26  Adept x3  
  81  7:35  Twilight Council  
  81  7:39  Pylon  
  81  7:40  Gateway  
  81  7:43  Gateway  
  81  7:45  Adept x3  
  81  7:46  Gateway, Adept  
  89  7:55  Robotics Bay  
  89  7:57  Adept x3  
  95  8:08  Probe x3 (Chrono Boost)  
  99  8:20  Probe (Chrono Boost)  
  97  9:16  Adept  
  99  9:17  Adept x5  
  99  9:18  Resonating Glaives, Adept x5  
  113  9:39  Stargate  
  113  9:40  Stargate  
  113  9:42  Adept  
  113  9:43  Adept x4  
  113  9:44  Adept x2  
  113  9:45  Adept  
  129  9:46  Adept x4  
  129  9:47  Adept x2  
  141  9:53  Nexus  
  141  9:54  Pylon  
  141  9:59  Pylon  
  139  10:03  Adept  
  139  10:04  Adept x2  
  139  10:05  Adept x4  
  129  10:19  Probe (Chrono Boost)  
  129  10:20  Probe x2 (Chrono Boost)  
  132  10:23  Assimilator  
  132  10:25  Assimilator  
  132  10:27  Gateway  
  132  10:32  Probe (Chrono Boost)  
  130  10:36  Fleet Beacon  
  129  10:45  Pylon  
Show
View Real Time Build Order
Export as new Build Order

Nickos Terran 

Build Orders:  

Get SALT Encoding   

  12  0:01  SCV  
  13  0:13  SCV  
  14  0:17  Supply Depot  
  14  0:25  SCV  
  15  0:39  SCV  
  15  0:41  Barracks  
  16  0:51  SCV  
  17  1:03  SCV  
  18  1:15  SCV  
  19  1:21  Command Center  
  19  1:29  Orbital Command  
  19  1:32  Marine  
  20  1:45  Barracks  
  20  1:52  Marine  
  20  2:03  SCV  
  21  2:09  Marine  
  21  2:13  Barracks, Supply Depot  
  22  2:24  SCV  
  23  2:34  Refinery  
  23  2:35  Refinery, Marine  
  23  2:36  SCV  
  25  2:38  Bunker  
  25  2:41  Marine  
  26  2:46  Orbital Command  
  26  2:52  Marine  
  26  2:54  SCV  
  28  2:59  Marine  
  29  3:12  SCV x2  
  31  3:20  Barracks Tech Lab, Marine  
  31  3:24  Barracks Reactor, SCV x2  
  33  3:36  SCV x2  
  35  3:44  Marine  
  35  3:45  Barracks Reactor  
  36  3:49  Factory  
  36  3:53  SCV x2  
  38  4:02  Marine  
  38  4:03  Marine x2  
  38  4:05  SCV x2  
  43  4:12  Stimpack  
  43  4:17  Engineering Bay, SCV  
  43  4:19  Engineering Bay  
  43  4:21  SCV  
  43  4:22  Marine  
  46  4:33  SCV  
  46  4:34  Marine x2  
  46  4:35  Marine  
  45  4:40  Marauder  
  44  4:52  Starport  
  43  4:59  SCV  
  45  5:00  SCV  
  45  5:11  SCV  
  46  5:26  Factory Reactor  
  46  5:28  Missile Turret  
  46  5:32  Supply Depot  
  46  5:48  Missile Turret  
  46  5:53  Medivac, SCV x2, Terran Infantry Weapons Level 1, Marine x2  
  46  5:54  Marauder  
  54  6:01  Barracks  
  54  6:03  Marine  
  54  6:04  Marine  
  54  6:05  SCV  
  54  6:07  Barracks  
  54  6:09  Barracks  
  48  6:18  Marine x2  
  46  6:40  Marine x2  
  46  6:41  Missile Turret, Marine x2  
  46  6:46  SCV x2  
  52  6:53  Barracks Tech Lab, Command Center, Marine  
  52  6:54  Marine  
  54  7:14  Barracks Tech Lab  
  54  7:28  Terran Infantry Armor Level 1  
  54  7:39  Supply Depot  
  54  8:00  Widow Mine, Medivac, SCV, Marine x3  
  54  8:02  SCV  
  63  8:08  Orbital Command  
  63  8:11  Marine x2, Marauder x3  
  70  8:13  SCV  
  70  8:14  SCV  
  70  8:21  Marine  
  70  8:22  Marine  
  70  8:25  Marine  
  71  8:28  Widow Mine  
  71  8:29  Marine x2  
  71  8:32  Marauder  
  74  8:44  Marine x3  
  74  8:45  Orbital Command  
  77  8:59  Missile Turret  
  77  9:13  Marine  
  77  9:15  Marine  
  77  9:18  Marine  
  77  9:19  Marine  
  77  9:57  Marine  
  77  9:59  SCV, Marine x4  
  77  10:01  Marine, Marauder, SCV  
  77  10:03  Marine  
  52  10:15  Marine  
  52  10:17  SCV x2, Marauder, Marine  
  52  10:20  SCV  
  61  10:21  Marauder  
  61  10:26  Missile Turret  
  61  10:28  Marine  
  62  10:36  Marine x2  
  62  10:37  Marine x2  
  62  10:38  Marauder  
Tags
 
Add a new tag
Caveats
  • Supply blocks, unpowered buildings, or Contaminate may cause inaccurate times.
  • Supply counts are checked every 10 seconds.